 Dungeon Crawl Stone Soup version 0.30-a0-176-gdd20fb75b6 (webtiles) character file.

Game seed: 234421106072652204

12 Anathary the Shield-Bearer (level 2, 0/16 HPs)
             Began as a Vine Stalker Fighter on Oct 2, 2022.
             Succumbed to a goblin's poison
             ... on level 1 of the Dungeon.
             The game lasted 00:01:41 (225 turns).

Anathary the Shield-Bearer (Vine Stalker Fighter)    Turns: 225, Time: 00:01:42

Health: 0/16       AC:  6    Str: 18    XL:     2   Next: 33%
Magic:  3/3        EV:  9    Int:  8    God:
Gold:   0          SH:  4    Dex: 13    Spells: 1/1 levels left

rFire   + . .      SeeInvis .    a - +0 war axe
rCold   + . .      Faith    .    c - +0 buckler
rNeg    . . .      Spirit   +    b - +0 scale mail
rPois   +          Reflect  .    (no helmet)
rElec   +          Harm     .    (no cloak)
rCorr   +          Rampage  .    (no gloves)
Will    .....                    (no boots)
Stlth   ..........               (no amulet)
HPRegen 0.22/turn                (no ring)
MPRegen 0.08/turn                (no ring)

@: lethally poisoned (0 -> -1), resistant
A: fangs 2, magic shield, antimagic bite, no potion heal 2
a: no special abilities


You were on level 1 of the Dungeon.
You visited 1 branch of the dungeon, and saw 1 of its levels.

Inventory:

Hand Weapons
 a - a +0 war axe (weapon)
Armour
 b - a +0 scale mail (worn)
 c - a +0 buckler (worn)
Potions
 d - a potion of might


   Skills:
 + Level 2.8 Fighting
 + Level 1.8 Axes
 + Level 2.7 Armour
 + Level 2.9 Shields


You had one spell level left.
You didn't know any spells.
Your spell library was empty.

Dungeon Overview and Level Annotations

Branches:
Dungeon (1/15)

Altars:


Innate Abilities, Weirdness & Mutations

You have extremely sharp teeth.
When hurt, damage is shared between your health and your magic reserves.
Your bite disrupts and absorbs the magic of your enemies.
Potions cannot restore your health.


Message History

The goblin shouts!
A kobold comes into view. It is wielding a +0 short sword.
Found two stone staircases leading down.
The kobold shouts!
A bat comes into view.
Found a scroll labelled LIMIRH NAUMMEG.
The goblin hits you with a +2 dagger of venom.
You are poisoned.
You barely miss the goblin. Your bite misses the goblin.
You closely miss the bat.
You feel sick. The bat hits you but does no damage.
The goblin hits you but does no damage.
You are lethally poisoned!
The kobold closely misses you. The goblin barely misses you.
You slash the kobold!
You kill the kobold!
You slash the goblin!
You kill the goblin!
You feel very sick. The bat hits you but does no damage.
You feel very sick. The bat hits you but does no damage.
You block the bat's attack.
You see here a +0 short sword.
You miss the bat.
* * * LOW HITPOINT WARNING * * *
You feel sick. The bat hits you but does no damage. The bat misses you.
* * * LOW HITPOINT WARNING * * *
You feel sick.
Things that are here:
a +2 dagger of venom; a goblin corpse You hit the bat.
You kill the bat!
* * * LOW HITPOINT WARNING * * *
You feel sick.
There is a lethal amount of poison in your body!
It was a potion of heal wounds.
That seemed strangely inert.
* * * LOW HITPOINT WARNING * * *
You feel sick.
It was a potion of resistance.
You feel protected.
You die...

.. ##.#### #....
#.#..########
###.#
#...........#
#....
##....#####..
#.... ####....##
#.#.# #####..##
#....
...#.......####.
#....
.>.....)........
###.#
.......†@....###
#....
.............#
#....
..............#
###.#
...........##..>
#....
...........# ###
###..
..........?# #..
..........## #..
..#.....## #..
#..


There were no monsters in sight!

Vanquished Creatures
  A dart slug (D:1)
  A bat (D:1)
  An endoplasm (D:1)
  A goblin (D:1)
  A quokka (D:1)
  A ball python (D:1)
  A frilled lizard (D:1)
  2 kobolds (D:1)
  2 rats (D:1)
11 creatures vanquished.

Notes
Turn   | Place    | Note
-------+----------+-------------------------------------------
     0 | D:1      | Anathary the Vine Stalker Fighter began the quest for the
                  | Orb.
     0 | D:1      | Reached XP level 1. HP: 11/11 MP: 2/2
   183 | D:1      | Reached XP level 2. HP: 16/16 MP: 3/3
   225 | D:1      | Succumbed to a goblin's poison

Illustrated notes

Levels and vault maps discovered:
D:1:      dpeg_arrival_ternary, layout_rooms, ebering_ecumenical_altar_mist,
          kennysheep_boxes

Action                   || total
-------------------------++-------
Melee: War axe           ||    19
       Bite              ||     3
  Use: Potion            ||     2
Armor: Scale mail        ||    16
Dodge: Dodged            ||    17
Block: Buckler           ||     6

Table legend: (Time is in decaauts)
 A = Elapsed time spent in this place.
 B = Non-inter-level travel time spent in this place.
 C = Inter-level travel time spent in this place.
 D = Time resting spent in this place.
 E = Time spent auto-exploring this place.
 F = Levels seen in this place.
 G = Mean time per level.
                   A        B        C        D        E       F      G
               +--------+--------+--------+--------+--------+-----+--------+
         Total |    233 |    233 |      0 |    100 |     60 |   1 |  233.0 |
       Dungeon |    233 |    233 |      0 |    100 |     60 |   1 |  233.0 |
               +--------+--------+--------+--------+--------+-----+--------+

Top non-repeatable levels by time:
     D:1: 233 daAuts
